 Dungeon Crawl Stone Soup version bcrawl-1.15.1 (webtiles) character file.

Game seed: 14922193571076534

927 Hylith the Shield-Bearer (level 8, -7/70 HPs)
             Began as a Hill Orc Fighter on Oct 4, 2019.
             Mangled by a centaur (9 damage)
             ... on level 5 of the Dungeon.
             The game lasted 00:07:52 (5351 turns).

Hylith the Shield-Bearer (Hill Orc Fighter)         Turns: 5351, Time: 00:07:52

Health: -7/70      AC:  9    Str: 21    XL:     8   Next: 10%
Magic:  8/8        EV:  6    Int:  8    God:
Gold:   292        SH: 10    Dex: 10    Spells: 7/7 levels left

rFire    . . .     SeeInvis .   s - +1 flail (holy)
rCold    . . .     Gourm    .   c - +0 shield
rNeg     . . .     Faith    .   l - +0 chain mail
rPois    .         Spirit   .   (no helmet)
rElec    .         Reflect  .   (no cloak)
rCorr    .         Harm     .   (no gloves)
MR       .....                  q - -2 pair of boots (curse)
Stlth    ..........             (no amulet)
HPRegen  0.21/turn              (no ring)
MPRegen  0.11/turn              (no ring)

@: no status effects
A: no striking features
a: no special abilities


You were on level 5 of the Dungeon.
You were not hungry.

You visited 1 branch of the dungeon, and saw 5 of its levels.

You collected 292 gold pieces.

Inventory:

Hand Weapons
 a - a +0 flail
 s - a +1 flail of holy wrath (weapon)
 w - the +7 dire flail of Shame {crush, Str+3, unknown}
   (You found it on level 4 of the Dungeon)

   It inflicts extra damage upon your enemies.
   It affects your strength (+3).
Armour
 c - a +0 shield (worn)
 l - a +0 chain mail (worn)
 q - a cursed -2 pair of boots (worn)
Wands
 p - a wand of polymorph (4)
Scrolls
 b - a scroll of magic mapping {unknown}
 e - 2 scrolls of remove curse {unknown}
 g - 2 scrolls of immolation {unknown}
 j - 6 scrolls of identify {unknown}
 k - 2 scrolls of amnesia {unknown}
 m - 2 scrolls of enchant armour {unknown}
 n - 2 scrolls of teleportation {unknown}
 x - a scroll of fear {unknown}
Potions
 d - 2 potions of might
 h - a potion of heal wounds {unknown}
 i - 4 potions of curing {unknown}
 o - a potion of invisibility {unknown}
 r - a potion of magic {unknown}
 t - a potion of brilliance {unknown}
 u - a potion of mutation {unknown}
 v - a potion of haste {unknown}
 z - a potion of lignification {unknown}
Comestibles
 f - 15 rations {!d}


   Skills:
 * Level 6.3 Fighting
   Level 6.3 Short Blades
   Level 6.3 Long Blades
   Level 6.3 Axes
   Level 6.3 Maces & Flails
   Level 6.3 Polearms
   Level 6.3 Staves
 + Level 5.4 Armour
 * Level 7.1 Shields
   Level 6.3 Unarmed Combat


You had 7 spell levels left.
You didn't know any spells.
Your spell library was empty.

Dungeon Overview and Level Annotations

Branches:
Dungeon (5/12)
 Temple: D:4-7

Altars:
Ashenzari
Kikubaaqudgha
Lugonu
Yredelemnul


Message History

You are too injured to fight recklessly!
You are too injured to fight recklessly!
You are too injured to fight recklessly!
You sock the centaur!
The centaur is severely wounded.
You block the centaur's attack. x2
You sock the centaur!
The centaur is almost dead.
The centaur closely misses you. You block the centaur's attack.
The centaur barely misses you.
You barely miss the centaur.
The centaur is almost dead.
The centaur hits you!
* * * LOW HITPOINT WARNING * * *
You block the centaur's attack. The centaur hits you!
* * * LOW HITPOINT WARNING * * *
You hit the centaur but do no damage.
The centaur is almost dead.
The centaur hits you!
You die...

###.#.#.##................#
...#...............####..#
#####.......#.##########..##
.........................
..........................
.....##.....###########.##
##.###) #............. #...
.....#?##..##.#######. ####
#.........@c.......[
#########.##.#######
.........#.# .. ##########.#
... .... ... #.# #..# ...
#.# #..# .... #.# #..## ...
#.# #...


You could see a centaur (berserk).

Vanquished Creatures
  A sky beast (D:4)
  A phantom (D:4)
  An ogre (D:4)
  A centaur (D:5)
  A scorpion (D:5)
  3 crimson imps
  A centaur zombie (D:4)
  An orc priest (D:3)
  A centaur skeleton (D:4)
  Ijyb (D:3)
  An orc wizard (D:2)
  2 worker ants
  7 gnolls
  An adder (D:2)
  2 shadow imps (D:4)
  3 oozes
  3 worms
  An adder skeleton (D:5)
  2 dart slugs (D:3)
  7 leopard geckos
  5 orcs
  4 ball pythons
  4 bats
  5 giant cockroaches
  9 goblins
  16 hobgoblins
  3 jackals (D:1)
  6 kobolds
  4 quokkas
  4 frilled lizards
  A jackal skeleton (D:4)
  5 rats
107 creatures vanquished.

Notes
Turn   | Place    | Note
-------+----------+-------------------------------------------
     0 | D:1      | Hylith the Hill Orc Fighter began the quest for the Orb.
     0 | D:1      | Reached XP level 1. HP: 20/20 MP: 1/1
   118 | D:1      | Reached XP level 2. HP: 24/27 MP: 2/2
   347 | D:1      | Reached XP level 3. HP: 34/34 MP: 3/3
   691 | D:1      | Reached skill level 4 in Shields
  1288 | D:2      | Reached XP level 4. HP: 41/41 MP: 4/4
  2415 | D:2      | Reached XP level 5. HP: 27/47 MP: 5/5
  2730 | D:3      | Noticed Ijyb
  2832 | D:3      | Reached skill level 5 in Fighting
  3105 | D:3      | Reached skill level 5 in Shields
  3333 | D:3      | Found a faded altar of an unknown god.
  3333 | D:3      | Found a basalt altar of Yredelemnul.
  3338 | D:3      | Found an ancient bone altar of Kikubaaqudgha.
  3340 | D:3      | Found a corrupted altar of Lugonu.
  3341 | D:3      | Found a faded altar of an unknown god.
  3352 | D:3      | Killed Ijyb
  3410 | D:4      | Reached XP level 6. HP: 56/56 MP: 6/6
  3619 | D:4      | Noticed a sky beast
  3648 | D:4      | Killed a sky beast
  3648 | D:4      | Reached XP level 7. HP: 19/61 MP: 7/7
  3841 | D:4      | Reached skill level 6 in Shields
  3859 | D:4      | Got an ivory dire flail
  3917 | D:4      | Reached skill level 5 in Armour
  4388 | D:4      | Found a shattered altar of Ashenzari.
  4455 | D:5      | Entered Level 5 of the Dungeon
  4948 | D:5      | Reached XP level 8. HP: 55/70 MP: 8/8
  5045 | D:5      | Reached skill level 7 in Shields
  5350 | D:5      | HP: 2/70 [centaur (12)]
  5351 | D:5      | Mangled by a centaur

Skill      XL: |  1  2  3  4  5  6  7  8 |
---------------+-------------------------+-----
Shields        | 4 5 6 7 |  7.1
Armour         | 4 5 |  5.4
Fighting       | 5 6 |  6.3
Short Blades   | |  6.3
Long Blades    | |  6.3
Axes           | |  6.3
Maces & Flails | |  6.3
Polearms       | |  6.3
Staves         | |  6.3
Unarmed Combat | |  6.3

Action                   |  1- 3 |  4- 6 |  7- 9 || total
-------------------------+-------+-------+-------++-------
Melee: Flail             |   135 |   205 |   125 ||   465
       Unarmed           |       |     3 |       ||     3
  Eat: Chunk             |     1 |     8 |     6 ||    15
Armor: Scale mail        |    60 |       |       ||    60
       Chain mail        |     8 |   112 |    54 ||   174
Dodge: Dodged            |    42 |    49 |    42 ||   133
Block: Shield            |    64 |   119 |    82 ||   265
